 Dungeon Crawl Stone Soup version 0.31-a0-700-gf13585253f (webtiles) character file.

Game seed: 13815939181114868319

1815 cforsyth the Fighter (level 9, -5/63 HPs)
             Began as a Djinni Chaos Knight on Sept 7, 2023.
             Was a Follower of Hepliaklqana.
             Slain by an ice beast (13 damage)
             ... on level 7 of the Dungeon.
             The game lasted 00:11:11 (5325 turns).

cforsyth the Fighter (Djinni Chaos Knight)          Turns: 5325, Time: 00:11:11

Health: -5/63      AC:  6    Str: 11    XL:     9   Next: 31%
Gold:   414        EV: 11    Int: 18    God:    Hepliaklqana [*.....] SH:  0 Dex: 13

rFire   + + .        e - +3 mace (protect)
rCold   x . .        (no shield)
rNeg    . . .        b - +2 leather armour
rPois   ∞            (no helmet)
rElec   .            (no cloak)
rCorr   .            x - +0 pair of gloves
SInv    .            (boots unavailable)
Will    +....        m - amulet of regeneration
Stlth   +            A - ring of willpower
HPRegen 1.10/turn    (no ring)
MPRegen 0.00/turn

%: infuse magic (-6 HP)
@: flying
A: reduced essence, sickness immunity, fire resistance 2, cold vulnerability 1,
float, innate caster, HP casting, extra vitality 1
a: Renounce Religion, Recall Ancestor, Ancestor Identity


You were on level 7 of the Dungeon.
You worshipped Hepliaklqana.
Hepliaklqana was aware of your devotion.
You visited 2 branches of the dungeon, and saw 8 of its levels.

You collected 425 gold pieces.
You spent 11 gold pieces at shops.

Inventory:

Hand Weapons
 a - a +0 falchion of chaos
 e - a +3 mace of protection (weapon)
Armour
 b - a +2 leather armour (worn)
 x - a +0 pair of gloves (worn)
Jewellery
 m - an amulet of regeneration (around neck)
 r - an amulet of the acrobat
 A - a ring of willpower (left hand)
Wands
 y - a wand of roots (5)
 z - a wand of paralysis (8)
Scrolls
 f - a scroll of revelation {unknown}
 g - 3 scrolls of amnesia {unknown}
 j - 3 scrolls of poison {unknown}
 p - 2 scrolls of teleportation {unknown}
 q - 2 scrolls of identify {unknown}
 s - a scroll of immolation {unknown}
 t - a scroll of fog {unknown}
 u - 2 scrolls of torment {unknown}
 v - 2 scrolls of noise {unknown}
 B - a scroll of vulnerability {unknown}
 C - a scroll of brand weapon {unknown}
 D - a scroll of fear {unknown}
Potions
 c - a potion of resistance {unknown}
 d - 3 potions of invisibility {unknown}
 h - 2 potions of curing {unknown}
 i - 6 potions of heal wounds
 k - 2 potions of mutation {unknown}
 l - 2 potions of haste {unknown}
 n - 2 potions of might {unknown}
 o - 2 potions of berserk rage {unknown}
 w - a potion of enlightenment {unknown}


   Skills:
 + Level 8.7 Fighting
 - Level 2.6 Long Blades
 - Level 1.0 Armour
 - Level 2.1 Dodging
 + Level 5.9 Spellcasting
 + Level 5.9 Conjurations
 + Level 5.9 Hexes
   Level 0.0 Charms
 + Level 5.9 Summonings
 + Level 5.9 Necromancy
 + Level 5.9 Translocations
 + Level 5.9 Transmutations
 + Level 5.9 Fire Magic
 + Level 5.9 Ice Magic
 + Level 5.9 Air Magic
 + Level 5.9 Earth Magic
 + Level 5.9 Poison Magic


You knew the following spells:

 Your Spells              Type           Power      Damage    Failure   Level
a - Summon Small Mammal   Summ           100%       N/A       1%          1
b - Wereblood             Tmut           26%        N/A       2%          2
c - Blink                 Tloc           52%        N/A       2%          2
d - Sigil of Binding      Hex            26%        N/A       4%          3
Your spell library was empty.

Dungeon Overview and Level Annotations

Branches:
Dungeon (7/15)             Temple (1/1) D:5

Altars:
Ashenzari
Cheibriados
Dithmenos
Elyvilon
Fedhas
Gozag
Hepliaklqana
Makhleb
Nemelex Xobeh
Okawaru
Ru
Uskayaw
Wu Jian
Xom
Yredelemnul
Zin
The Shining One

Shops:
D:5 ![((

Annotations:
D:4 Menkaure
D:7 2 runed translucent doors, Dowan, Duvessa
Temple 2 transporters


Innate Abilities, Weirdness & Mutations

Your life essence is reduced to manifest your ancestor. (-10% HP)
You are immune to sickness and miasma.
You are immune to poison.
Your flesh is very heat resistant. (rF++)
You are vulnerable to cold. (rC-)
You float through the air rather than walking.
You learn spells naturally, not from books.
Your magical power is your life essence.
You have superior vitality. (+4 MHP)


Message History

The ice beast hits you but does no damage.
You closely miss the orc wizard.
The orc wizard is severely wounded.
The orc wizard barely misses you.
The ice beast hits you but does no damage.
You barely miss the orc wizard.
The orc wizard is severely wounded.
The orc wizard hits you but does no damage.
The ice beast hits you but does no damage.
The orc wizard barely misses you. The ice beast barely misses you.
You hit the orc wizard but do no damage.
Your weapon exudes an aura of protection.
The orc wizard is severely wounded.
The orc wizard closely misses you.
The ice beast hits you but does no damage.
You closely miss the orc wizard.
The orc wizard is severely wounded.
The orc wizard hits you but does no damage.
The ice beast hits you but does no damage.
The orc wizard gestures at you while chanting.
The magic dart hits you.
The ice beast hits you but does no damage.
You barely miss the orc wizard.
The orc wizard is severely wounded.
The white imp disappears for a moment.
The ice beast completely misses you.
You closely miss the deep elf pyromancer.
The orc wizard mumbles some strange words.
The orc wizard flickers and vanishes!
Deactivating autopickup; reactivate with Ctrl-A.
The ice beast hits you. The ice beast freezes you!!
You feel a terrible chill!
You barely miss the deep elf pyromancer.
The ice beast hits you. The ice beast freezes you!
You feel a terrible chill!
The deep elf pyromancer hits you with a +2 heavy long sword!
* * * LOW HITPOINT WARNING * * *
The white imp sputters.
The ice beast hits you.
* * * LOW HITPOINT WARNING * * *
The ice beast freezes you!
You feel a terrible chill!
You die...

##.......#
.#.......#
##.)...#.#
##)#####.## .
.#..)..#..# #.
.#.....#..# )#.
.#######.## .8#
....))...# #####
.8# #...))...#
#e@.##++##..
#........#
#{Y#R.......#
#........#
##5#.########
##'####..## h##.#
.#........######..#
##...............##
##.....#...#######
.......#####
........#


You could see the friendly Plamen the ancestor, a deep elf pyromancer, an ice
beast, a hound and a white imp.

Vanquished Creatures
  A wyvern (D:7)
  2 ice beasts
  A black bear (D:6)
  2 ogres (D:6)
  A centaur (D:5)
  2 phantoms (D:5)
  A kobold brigand (D:7)
  A gnoll sergeant (D:6)
  A bullfrog (D:6)
  2 scorpions
  A hound (D:6)
  A gnoll bouda (D:5)
  3 orc priests
  2 iguanas
  3 orc wizards
  Robin (D:4)
  10 gnolls
  7 adders
  A white imp (D:6)
  2 ufetubi (D:5)
  4 worms
  2 dart slugs
  10 orcs
  8 ball pythons
  6 bats
  2 endoplasms
  5 giant cockroaches
  16 goblins
  6 hobgoblins
  2 jackals (D:2)
  11 kobolds
  4 frilled lizards
  5 rats
126 creatures vanquished.

Vanquished Creatures (collateral kills)
  A kobold brigand (D:7)
  An orc priest (D:7)
  5 kobolds (D:7)
7 creatures vanquished.

Grand Total: 133 creatures vanquished

Notes
Turn   | Place    | Note
-------+----------+-------------------------------------------
     0 | D:1      | cforsyth the Djinni Chaos Knight began the quest for the
                  | Orb.
     0 | D:1      | Reached XP level 1. HP: 20/20 MP: 0/0
   118 | D:1      | Reached XP level 2. HP: 24/25 MP: 0/0
   242 | D:1      | Reached skill level 1 in Spellcasting
   242 | D:1      | Reached skill level 1 in Conjurations
   242 | D:1      | Reached skill level 1 in Hexes
   242 | D:1      | Reached skill level 1 in Summonings
   242 | D:1      | Reached skill level 1 in Necromancy
   242 | D:1      | Reached skill level 1 in Translocations
   242 | D:1      | Reached skill level 1 in Transmutations
   242 | D:1      | Reached skill level 1 in Fire Magic
   242 | D:1      | Reached skill level 1 in Ice Magic
   242 | D:1      | Reached skill level 1 in Air Magic
   242 | D:1      | Reached skill level 1 in Earth Magic
   242 | D:1      | Reached skill level 1 in Poison Magic
   348 | D:1      | Reached XP level 3. HP: 27/30 MP: 0/0
   348 | D:1      | Learned a level 1 spell: Summon Small Mammal
   375 | D:1      | XOM: divination: detect creatures
   979 | D:2      | Reached XP level 4. HP: 37/37 MP: 0/0
  1082 | D:2      | Reached skill level 4 in Fighting
  1353 | D:3      | Reached XP level 5. HP: 42/42 MP: 0/0
  1353 | D:3      | Learned a level 2 spell: Wereblood
  1597 | D:3      | Noticed a black bear
  2259 | D:4      | Noticed Menkaure
  2278 | D:4      | XOM: divination: detect items
  2280 | D:4      | XOM: silly message
  2458 | D:4      | Reached XP level 6. HP: 49/49 MP: 0/0
  2567 | D:3      | XOM: potion effect (haste)
  2573 | D:3      | Reached skill level 5 in Fighting
  2678 | D:4      | XOM: butterfly on damage
  2801 | D:4      | Noticed Robin
  2807 | D:4      | Killed Robin
  2838 | D:5      | Entered Level 5 of the Dungeon
  2854 | D:5      | Found a basalt altar of Yredelemnul.
  2974 | D:5      | XOM: confuse monster(s)
  2983 | D:5      | Reached XP level 7. HP: 52/54 MP: 0/0
  2983 | D:5      | Learned a level 2 spell: Blink
  3008 | D:5      | Reached skill level 6 in Fighting
  3016 | D:5      | Found Wirriciclog's Distillery.
  3023 | D:5      | Bought a potion of degeneration for 11 gold pieces
  3032 | D:5      | Found Xakkargha's Armour Shop.
  3218 | D:5      | XOM: god gift: 5 stones
  3243 | D:5      | Found a staircase to the Ecumenical Temple.
  3362 | D:5      | XOM: cloud trail
  3385 | Temple   | Found a transporter.
  3385 | Temple   | Found a transporter.
  3385 | Temple   | Found a transporter.
  3385 | Temple   | Found a transporter.
  3385 | Temple   | Entered the Ecumenical Temple
  3401 | Temple   | Fell from the grace of Xom
  3401 | Temple   | Became a worshipper of Hepliaklqana the Forgotten
  3504 | D:5      | Found Icuo's Antique Weapon Emporium.
  3589 | D:5      | Found Erille Diusu's Weapon Boutique.
  3809 | D:6      | XOM: summons 2 hostile shadow creatures
  3925 | D:5      | XOM: scenery: 1 doors close
  3952 | D:5      | Reached XP level 8. HP: 47/62 MP: 0/0
  4409 | D:6      | Reached skill level 7 in Fighting
  4691 | D:6      | Paralysed by a gnoll sergeant for 5 turns
  4710 | D:6      | Reached skill level 5 in Spellcasting
  4710 | D:6      | Reached skill level 5 in Conjurations
  4710 | D:6      | Reached skill level 5 in Hexes
  4710 | D:6      | Reached skill level 5 in Summonings
  4710 | D:6      | Reached skill level 5 in Necromancy
  4710 | D:6      | Reached skill level 5 in Translocations
  4710 | D:6      | Reached skill level 5 in Transmutations
  4710 | D:6      | Reached skill level 5 in Fire Magic
  4710 | D:6      | Reached skill level 5 in Ice Magic
  4710 | D:6      | Reached skill level 5 in Air Magic
  4710 | D:6      | Reached skill level 5 in Earth Magic
  4710 | D:6      | Reached skill level 5 in Poison Magic
  4772 | D:6      | Reached * piety under Hepliaklqana
  4851 | D:7      | Noticed Dowan
  4852 | D:7      | Noticed Duvessa
  5015 | D:7      | Reached skill level 8 in Fighting
  5015 | D:7      | Reached XP level 9. HP: 63/63 MP: 0/0
  5015 | D:7      | Learned a level 3 spell: Sigil of Binding
  5302 | D:7      | Found a large runed translucent door.
  5302 | D:7      | Found a large runed translucent door.
  5316 | D:7      | Noticed a deep elf pyromancer
  5325 | D:7      | Slain by an ice beast

Illustrated notes

Levels and vault maps discovered:
D:1:      dpeg_arrival_arbitrary_b, layout_loops_cross
D:2:      layout_loops_ring
D:3:      kennysheep_big_flooded_room, layout_basic, lightli_corner_chamber
D:4:      layout_basic, mainiacjoe_overflow_alcove_4, uniq_menkaure, uniq_robin
D:5:      layout_gridville, mainiacjoe_overflow_cross_hatched,
          lemuel_temple_firewalk_b, serial_shops, shop, shop, shop,
          nicolae_shop_advertising_works [nicolae_subvault_shop_adworks],
          supply_closet_lemuel
D:6:      layout_gridville
D:7:      layout_gridville, minmay_hollow_rounded_squares, uniq_duvessa
Temple:   hellmonk_temple_divided_pantheon

Skill      XL: |  1  2  3  4  5  6  7  8 |
---------------+-------------------------+-----
Spellcasting   | 1 2 3 4 5 |  5.9
Conjurations   | 1 2 3 4 5 |  5.9
Hexes          | 1 2 3 4 5 |  5.9
Summonings     | 1 2 3 4 5 |  5.9
Necromancy     | 1 2 3 4 5 |  5.9
Translocations | 1 2 3 4 5 |  5.9
Transmutations | 1 2 3 4 5 |  5.9
Fire Magic     | 1 2 3 4 5 |  5.9
Ice Magic      | 1 2 3 4 5 |  5.9
Air Magic      | 1 2 3 4 5 |  5.9
Earth Magic    | 1 2 3 4 5 |  5.9
Poison Magic   | 1 2 3 4 5 |  5.9
Fighting       | 4 5 6 8 |  8.7
Long Blades    | |  2.6
Armour         | |  1.0
Dodging        | |  2.1

Action                     |  1- 3 |  4- 6 |  7- 9 || total
---------------------------+-------+-------+-------++-------
  Melee: Mace              |    63 |   179 |   271 ||   513
         Falchion          |     1 |       |       ||     1
         Punch             |     1 |       |     4 ||     5
   Cast: Wereblood         |       |       |     1 ||     1
         Blink             |       |       |     1 ||     1
         Summon Small Mamm |       |       |     1 ||     1
         Sigil of Binding  |       |       |     1 ||     1
  Evoke: Wand              |       |       |     5 ||     5
    Use: Scroll            |       |     1 |       ||     1
         Potion            |       |     1 |       ||     1
   Stab: Sleeping          |     2 |       |       ||     2
         Paralysed         |       |       |     5 ||     5
 Armour: Leather armour    |    37 |   136 |   342 ||   515
  Dodge: Dodged            |    47 |   100 |   223 ||   370

Table legend: (Time is in decaauts)
 A = Elapsed time spent in this place.
 B = Non-inter-level travel time spent in this place.
 C = Inter-level travel time spent in this place.
 D = Time resting spent in this place.
 E = Time spent auto-exploring this place.
 F = Levels seen in this place.
 G = Mean time per level.
                   A        B        C        D        E       F      G
               +--------+--------+--------+--------+--------+-----+--------+
         Total |   5517 |   5258 |    259 |    101 |   3508 |   8 |  689.6 |
       Dungeon |   5486 |   5228 |    258 |    101 |   3508 |   7 |  783.7 |
        Temple |     30 |     30 |      0 |      0 |      0 |   1 |   30.0 |
               +--------+--------+--------+--------+--------+-----+--------+

Top non-repeatable levels by time:
     D:5: 1107 daAuts
     D:3: 1060 daAuts
     D:6: 1004 daAuts
     D:2: 683 daAuts
     D:1: 654 daAuts
     D:4: 514 daAuts
     D:7: 461 daAuts
  Temple: 30 daAuts
